 Dungeon Crawl Stone Soup version 0.30-a0-719-gcc4359ea44 (webtiles) character file.

Game seed: 6687602829039557408

459 DeathSun the Spear-Bearer (level 6, 0/51 HPs)
             Began as a Minotaur Fighter on Jan 26, 2023.
             Succumbed to a scorpion's poison
             ... on level 4 of the Dungeon.
             The game lasted 00:03:41 (2583 turns).

DeathSun the Spear-Bearer (Minotaur Fighter)        Turns: 2583, Time: 00:03:42

Health: 0/51       AC:  9    Str: 22    XL:     6   Next: 78%
Magic:  5/5        EV:  9    Int:  5    God:
Gold:   146        SH:  4    Dex: 10    Spells: 5/5 levels left

rFire   . . .      SeeInvis .    a - +0 trident
rCold   . . .      Faith    .    c - +0 buckler
rNeg    . . .      Spirit   .    b - +0 scale mail
rPois   .          Reflect  .    (helmet restricted)
rElec   .          Harm     .    m - +0 cloak
rCorr   .          Rampage  .    (no gloves)
Will    .....                    g - +0 pair of boots Stlth
                                 (no amulet)
HPRegen 0.28/turn                (no ring)
MPRegen 0.09/turn                (no ring)

@: mighty, brilliant, lethally poisoned (0 -> -2), flying
A: horns 2, retaliatory headbutt
a: no special abilities


You were on level 4 of the Dungeon.
You visited 1 branch of the dungeon, and saw 4 of its levels.

You collected 146 gold pieces.

Inventory:

Hand Weapons
 a - a +0 trident (weapon)
 s - a +0 scythe
Armour
 b - a +0 scale mail (worn)
 c - a +0 buckler (worn)
 g - a +0 pair of boots (worn)
 m - a +0 cloak (worn)
Jewellery
 u - a ring of flight
Wands
 p - a wand of roots (3)
 q - a wand of flame (7)
Scrolls
 i - a scroll of blinking {unknown}
 l - a scroll of fog {unknown}
 o - 4 scrolls of identify {unknown}
 t - a scroll of noise {unknown}
 v - a scroll of vulnerability {unknown}
Potions
 e - a potion of mutation {unknown}
 f - a potion of heal wounds {unknown}
 h - a potion of brilliance
 j - a potion of attraction {unknown}
 k - a potion of flight
 n - a potion of haste {unknown}
 r - a potion of magic {unknown}


   Skills:
 - Level 3.6 Fighting
 + Level 8.9 Polearms
 - Level 3.6 Armour
 - Level 3.6 Shields


You had 5 spell levels left.
You didn't know any spells.
Your spell library contained the following spells:

 Spells                   Type           Power      Damage    Failure   Level
 Ensorcelled Hibernation  Hex/Ice        0%         N/A       95%         2
 Passwall                 Tmut/Erth      0%         N/A       95%         2
 Ignite Poison            Fire/Tmut/Pois 0%         N/A       99%         3
 Kindle Blastsparks       Fire/Tloc/Air  0%         2d10      99%         3
 Spider Form              Tmut/Pois      0%         N/A       99%         3
 Swiftness                Air            0%         N/A       99%         3
 Anguish                  Hex/Necr       0%         N/A       100%        4
 Freezing Cloud           Conj/Ice/Air   0%         6-21      100%        5


Dungeon Overview and Level Annotations

Branches:
Dungeon (4/15)
 Temple: D:4-7

Altars:
Dithmenos
Fedhas
Ru
Sif Muna

Shops:
D:2 [

Annotations:
D:3 1 runed translucent door, Crazy Yiuf
D:4 Grinder


Innate Abilities, Weirdness & Mutations

You have a pair of horns on your head.
You reflexively headbutt those who attack you in melee.


Message History

You block the scorpion's attack.
You puncture the scorpion!
The scorpion is almost dead.
The scorpion stings you.
You are poisoned.
The scorpion poisons you! The ball python closely misses you.
You furiously retaliate!
You headbutt the ball python!!
You kill the ball python!
You puncture the scorpion!
You kill the scorpion!
You feel very sick.
You puncture the phantom!
The phantom is moderately damaged.
You feel sick.
You barely miss the phantom. You headbutt the phantom!
The phantom is almost destroyed.
You feel sick.
The phantom hits you but does no damage.
You closely miss the phantom.
The phantom is almost destroyed.
You feel sick. The phantom hits you.
You miss the phantom.
The phantom is almost destroyed.
You feel sick. Grinder gestures at you. Pain shoots through your body!
* * * LOW HITPOINT WARNING * * *
The phantom barely misses you.
You puncture the phantom!
You destroy the phantom!
* * * LOW HITPOINT WARNING * * *
You feel sick.
It was a potion of brilliance.
You feel clever all of a sudden.
* * * LOW HITPOINT WARNING * * *
You feel sick.
It was a potion of flight.
You feel very buoyant.
You fly up into the air.
You die...

##........
###.........
##...........
###......##....
##......### ..
###.5...###
#.....###
#††.### #@###
###


You could see Grinder.

Vanquished Creatures
  Sigmund (D:3)
  A phantom (D:4)
  A scorpion (D:4)
  Terence (D:3)
  Ijyb (D:3)
  An orc wizard (D:3)
  A worm (D:2)
  3 dart slugs
  11 orcs
  9 endoplasms
  4 giant cockroaches
  4 hobgoblins (D:1)
  5 quokkas
  A ball python (D:4)
  6 bats
  6 frilled lizards
  11 goblins
  4 kobolds
  8 rats
79 creatures vanquished.

Notes
Turn   | Place    | Note
-------+----------+-------------------------------------------
     0 | D:1      | DeathSun the Minotaur Fighter began the quest for the Orb.
     0 | D:1      | Reached XP level 1. HP: 19/19 MP: 0/0
    90 | D:1      | Reached skill level 3 in Polearms
   194 | D:1      | Reached XP level 2. HP: 26/26 MP: 1/1
   288 | D:1      | Reached skill level 4 in Polearms
   952 | D:2      | Reached XP level 3. HP: 31/31 MP: 2/2
   956 | D:2      | Found Uttumodgh's Armour Shop.
  1460 | D:2      | Reached skill level 5 in Polearms
  1615 | D:3      | Noticed Ijyb
  1623 | D:3      | Killed Ijyb
  1624 | D:3      | Reached XP level 4. HP: 20/39 MP: 3/3
  1720 | D:3      | Noticed Terence
  1729 | D:3      | Killed Terence
  1730 | D:3      | Reached skill level 6 in Polearms
  1794 | D:3      | Found a shadowy altar of Dithmenos.
  1794 | D:3      | Found a blossoming altar of Fedhas.
  1794 | D:3      | Found a sacrificial altar of Ru.
  1900 | D:3      | Reached XP level 5. HP: 22/45 MP: 4/4
  2040 | D:3      | Noticed Sigmund
  2058 | D:3      | Killed Sigmund
  2059 | D:3      | Reached skill level 8 in Polearms
  2059 | D:3      | Reached XP level 6. HP: 38/51 MP: 5/5
  2153 | D:3      | Found a shimmering blue altar of Sif Muna.
  2363 | D:3      | Found a runed translucent door.
  2364 | D:3      | Noticed Crazy Yiuf
  2560 | D:4      | Noticed Grinder
  2581 | D:4      | HP: 2/51 [poisoned by a scorpion]
  2583 | D:4      | Succumbed to a scorpion's poison

Illustrated notes

Levels and vault maps discovered:
D:1:      lightli_iron_boxes, layout_basic
D:2:      layout_basic, serial_shops, shop
D:3:      layout_rooms, gammafunk_temple_overflow_forgotten, old_standard_altar,
          uniq_ijyb, uniq_crazy_yiuf_cottage, uniq_sigmund, uniq_terence
D:4:      layout_cave_pods, uniq_grinder

Skill      XL: |  1  2  3  4  5 |
---------------+----------------+-----
Polearms       | 3 4 5 6 8 |  8.9
Fighting       | |  3.6
Armour         | |  3.6
Shields        | |  3.6

Action                     |  1- 3 |  4- 6 || total
---------------------------+-------+-------++-------
  Melee: Trident           |   117 |    75 ||   192
         Headbutt          |    10 |    10 ||    20
  Evoke: Wand              |       |     8 ||     8
    Use: Potion            |       |     3 ||     3
 Armour: Scale mail        |    41 |    29 ||    70
  Dodge: Dodged            |    34 |    20 ||    54
  Block: Buckler           |    12 |    12 ||    24

Table legend: (Time is in decaauts)
 A = Elapsed time spent in this place.
 B = Non-inter-level travel time spent in this place.
 C = Inter-level travel time spent in this place.
 D = Time resting spent in this place.
 E = Time spent auto-exploring this place.
 F = Levels seen in this place.
 G = Mean time per level.
                   A        B        C        D        E       F      G
               +--------+--------+--------+--------+--------+-----+--------+
         Total |   2599 |   2511 |     88 |      0 |   2068 |   4 |  649.8 |
       Dungeon |   2599 |   2511 |     88 |      0 |   2068 |   4 |  649.8 |
               +--------+--------+--------+--------+--------+-----+--------+

Top non-repeatable levels by time:
     D:1: 934 daAuts
     D:3: 880 daAuts
     D:2: 682 daAuts
     D:4: 101 daAuts
